 Dungeon Crawl Stone Soup version 0.30-b1-2-g02819fbbbe (webtiles) character file.

Game seed: 9884426053679270691

5898 LLlMATKO the Fighter (level 10, -2/93 HPs)
             Began as a Minotaur Berserker on Sept 13, 2023.
             Was an Elder of Trog.
             Slain by a troll (8 damage)
             ... on level 10 of the Dungeon.
             The game lasted 00:07:33 (8235 turns).

LLlMATKO the Fighter (Minotaur Berserker)           Turns: 8235, Time: 00:07:33

Health: -2/93      AC: 14    Str: 26    XL:     10   Next: 53%
Magic:  0/9        EV: 13    Int:  4    God:    Trog [****..]
Gold:   527        SH:  0    Dex: 10    Spells: 9/9 levels left

rFire   x . .        N - +0 war axe (heavy)
rCold   + + +        (no shield)
rNeg    . . .        L - +0 ice dragon scales
rPois   .            (helmet restricted)
rElec   .            (no cloak)
rCorr   .            (no gloves)
SInv    +            I - +0 pair of boots
Will    .....        H - amulet of guardian spirit Stlth
                     p - ring of see invisible
HPRegen 0.35/turn    B - ring of protection from cold
MPRegen 0.11/turn

%: guardian spirit
@: on berserk cooldown, slowed, very slow
A: horns 2, retaliatory headbutt
a: Renounce Religion, Berserk, Trog's Hand, Brothers in Arms


You were on level 10 of the Dungeon.
You worshipped Trog.
Trog was greatly pleased with you.
You visited 1 branch of the dungeon, and saw 10 of its levels.

You collected 527 gold pieces.

Inventory:

Hand Weapons
 d - a +2 spear of venom
 q - the +6 spear of Soggeos {heavy, rN+ Stlth+}
   (You found it on level 3 of the Dungeon)

   rN:        It protects you from negative energy.
   Stlth:     It makes you more stealthy.
 K - a +0 hand axe of electrocution
 N - a +0 heavy war axe (weapon)
Missiles
 k - 6 javelins (quivered)
 x - 42 poisoned darts
 C - 2 throwing nets
Armour
 I - a +0 pair of boots (worn)
 L - +0 ice dragon scales (worn)
 O - a +0 plate armour
Jewellery
 l - a +5 ring of evasion
 p - a ring of see invisible (left hand)
 w - a ring of ice
 B - a ring of protection from cold (right hand)
 H - an amulet of guardian spirit (around neck)
 J - a ring of willpower
 P - a ring of flight
Wands
 s - a wand of digging (7)
 u - a wand of flame (30)
 A - a wand of paralysis (6)
 E - a wand of polymorph (5)
Scrolls
 a - a scroll of vulnerability {unknown}
 b - 3 scrolls of noise {unknown}
 c - 7 scrolls of identify {unknown}
 f - 2 scrolls of fog {unknown}
 h - a scroll of magic mapping {unknown}
 o - 2 scrolls of enchant armour {unknown}
 t - 2 scrolls of amnesia {unknown}
 v - 4 scrolls of teleportation {unknown}
 y - 2 scrolls of immolation {unknown}
 D - a scroll of torment {unknown}
 F - a scroll of blinking {unknown}
Potions
 e - 3 potions of brilliance {unknown}
 g - 4 potions of mutation {unknown}
 i - 2 potions of heal wounds {unknown}
 j - 7 potions of curing {unknown}
 m - a potion of lignification {unknown}
 n - 4 potions of attraction {unknown}
 r - 4 potions of flight {unknown}
 z - 2 potions of degeneration {unknown}
 G - a potion of haste {unknown}
 M - a potion of cancellation {unknown}


   Skills:
 + Level 10.2 Fighting
 + Level 10.2 Axes
 + Level 9.8 Armour
 + Level 9.0 Dodging


You had 9 spell levels left.
You didn't know any spells.
Your spell library was empty.

Dungeon Overview and Level Annotations

Branches:
Dungeon (10/15)            Temple (0/1) D:5
   Lair: D:8-11         Orc: D:9-12

Altars:
Cheibriados
Dithmenos
Elyvilon
Kikubaaqudgha
Makhleb
Nemelex Xobeh
Qazlal
Vehumet
The Shining One

Shops:
D:10 *


Innate Abilities, Weirdness & Mutations

You have a pair of horns on your head.
You reflexively headbutt those who attack you in melee.


Message History

Urug is severely wounded.
Urug hits you with a +0 vampiric halberd!
Urug draws strength from your wounds!
You miss Urug. Your headbutt misses Urug.
Urug is severely wounded.
Urug hits you but does no damage.
You slice Urug!!
You kill Urug!
Trog accepts your kill.
Your Dodging skill increases to level 9!
P - a ring of flight;
z - 2 fizzy brown potions (gained 1)
Things that are here:
a +0 vampiric halberd; 6 silver javelins; a +4 scale mail of cold resistance You feel a strong urge to attack something.
You are no longer berserk.
You are exhausted.
You feel yourself slow down.
A troll is nearby!
You completely miss the troll. You headbutt the troll!
The troll is lightly wounded.
The troll barely misses you. You furiously retaliate!
You headbutt the troll! The troll claws you! The troll claws you.
The troll bites you.
* * * LOW HITPOINT WARNING * * *
The troll claws you!
* * * LOW HITPOINT WARNING * * *
The troll barely misses you.
You hit the troll but do no damage.
The troll is moderately wounded.
The troll barely misses you. The troll claws you but does no damage.
The troll claws you.
* * * LOW HITPOINT WARNING * * *
The troll bites you!
* * * LOW HITPOINT WARNING * * *
The troll claws you but does no damage. The troll claws you!
* * * LOW HITPOINT WARNING * * *
You completely miss the troll. Your headbutt misses the troll.
The troll is moderately wounded.
The troll misses you. You furiously retaliate!
You headbutt the troll.
The troll claws you but does no damage. x2; The troll bites you!
You die...

##........).......
#..####...###...## ##..#
#...# .# #...# #...# .# .
.##...# #...# ..# .# #.#..>.#
#...###...# .
.##.#..####.........#
.#.#..#........T.......
##.##...[.......@.......
.#.#.†...........###..##
.#.#.###..###....# #..#
.....# #..# #....# #..#
#...## #..###....# #..# #...#
#.........# #..#
....####...))....# #..#
...........).....###..#######
).........###......)).......#


You could see a troll.

Vanquished Creatures
  Urug (D:10)
  An unseen horror (D:10)
  Prince Ribbit (D:6)
  7 yaks
  Sigmund (D:3)
  A wraith (D:9)
  A shadow (D:9)
  A wyvern (D:9)
  Menkaure (D:7)
  Edmund (D:6)
  Duvessa (D:6)
  A water moccasin (D:5)
  3 orc warriors (D:9)
  A black bear (D:8)
  A sky beast (D:8)
  3 centaurs
  A phantom (D:5)
  3 kobold brigands
  4 bullfrogs
  3 scorpions
  Dowan (D:6)
  6 killer bees (D:10)
  3 howler monkeys (D:10)
  A jelly (D:8)
  4 hounds
  A gnoll bouda (D:7)
  5 orc priests
  6 iguanas
  Ijyb (D:4)
  8 orc wizards
  Robin (D:2)
  9 gnolls
  4 adders
  An ufetubus (D:6)
  3 worms
  3 dart slugs
  30 orcs
  5 bat zombies (D:3)
  8 endoplasms
  2 giant cockroaches (D:1)
  17 goblins
  7 hobgoblins
  6 jackals
  22 kobolds
  3 quokkas (D:1)
  7 ball pythons
  4 bats
  5 frilled lizards
  6 rats
  A rat zombie (D:3)
217 creatures vanquished.

Vanquished Creatures (others)
  A bush (D:5)
  A butterfly (D:5)
2 creatures vanquished.

Grand Total: 219 creatures vanquished

Notes
Turn   | Place    | Note
-------+----------+-------------------------------------------
     0 | D:1      | LLlMATKO the Minotaur Berserker began the quest for the
                  | Orb.
     0 | D:1      | Reached XP level 1. HP: 19/19 MP: 0/0
   132 | D:1      | Reached XP level 2. HP: 27/27 MP: 1/1
   363 | D:1      | Reached ** piety under Trog
   451 | D:1      | Reached XP level 3. HP: 33/33 MP: 2/2
   940 | D:2      | Noticed Robin
   953 | D:2      | Killed Robin
  1016 | D:2      | Reached XP level 4. HP: 23/41 MP: 3/3
  1644 | D:3      | Reached *** piety under Trog
  1691 | D:3      | Identified the +6 spear of Soggeos {heavy, rN+ Stlth+}
  1699 | D:3      | Noticed a scorpion
  1704 | D:3      | Killed a scorpion
  1705 | D:3      | Reached XP level 5. HP: 47/47 MP: 4/4
  1796 | D:3      | Noticed Sigmund
  1812 | D:3      | Killed Sigmund
  1813 | D:3      | Reached skill level 5 in Fighting
  1813 | D:3      | Reached skill level 5 in Axes
  1813 | D:3      | Reached XP level 6. HP: 56/56 MP: 5/5
  1898 | D:3      | Found a stormy altar of Qazlal.
  2294 | D:3      | Found an ancient bone altar of Kikubaaqudgha.
  2956 | D:4      | Noticed Ijyb
  2963 | D:4      | Killed Ijyb
  3332 | D:5      | Entered Level 5 of the Dungeon
  3352 | D:5      | Reached skill level 5 in Armour
  3352 | D:5      | Reached XP level 7. HP: 58/62 MP: 6/6
  3392 | D:5      | Found a white marble altar of Elyvilon.
  3804 | D:5      | Reached skill level 5 in Dodging
  3996 | D:5      | Found a staircase to the Ecumenical Temple.
  4424 | D:6      | Reached XP level 8. HP: 58/71 MP: 7/7
  4503 | D:6      | Noticed Prince Ribbit
  4508 | D:6      | Found a radiant altar of Vehumet.
  4517 | D:6      | Killed Prince Ribbit
  4718 | D:6      | Noticed Duvessa
  4718 | D:6      | Noticed Dowan
  4726 | D:6      | Killed Dowan
  4728 | D:6      | Killed Duvessa
  5064 | D:6      | Reached **** piety under Trog
  5128 | D:6      | Noticed Edmund
  5137 | D:6      | Killed Edmund
  5314 | D:6      | Found a glowing golden altar of the Shining One.
  5853 | D:7      | Found a snail-covered altar of Cheibriados.
  5939 | D:7      | Found a sparkling altar of Nemelex Xobeh.
  5973 | D:7      | Noticed Menkaure
  5980 | D:7      | Killed Menkaure
  6000 | D:7      | Found a burning altar of Makhleb.
  6061 | D:7      | Reached XP level 9. HP: 81/81 MP: 5/8
  6168 | D:7      | Found a shadowy altar of Dithmenos.
  7569 | D:9      | Reached XP level 10. HP: 91/91 MP: 9/9
  7947 | D:10     | Entered Level 10 of the Dungeon
  7983 | D:10     | Reached skill level 10 in Fighting
  8059 | D:10     | Identified the +7 falchion of the Intense God {elec, rCorr
                  | Int+3}
  8079 | D:10     | Reached skill level 10 in Axes
  8144 | D:10     | Found Axei's Assorted Antiques.
  8199 | D:10     | Identified the +0 leather armour "Caet" {rN++}
  8208 | D:10     | Noticed Urug
  8222 | D:10     | Killed Urug
  8235 | D:10     | Slain by a troll

Illustrated notes

Levels and vault maps discovered:
D:1:      minmay_arrival_semitransparent, layout_basic
D:2:      layout_rooms, kennysheep_potato, uniq_robin
D:3:      layout_loops_cross, lemuel_zombie_altar_kikubaaqudgha,
          lemuel_doored_altar, uniq_sigmund
D:4:      layout_basic, uniq_ijyb
D:5:      layout_rooms, nicolae_elyvilon_peaceful_grove,
          lemuel_temple_firewalk_b, kennysheep_donut, kb_lookout_dungeons_type
D:6:      layout_basic, mainiacjoe_overflow_alcove_2, nicolae_vehumet_radiance,
          uniq_prince_ribbit1, uniq_duvessa, uniq_edmund
D:7:      cheibrodos_two_vegetables, layout_rooms,
          mainiacjoe_overflow_cross_hatched, mainiacjoe_overflow_two_lobes,
          kennysheep_slug_shrine, uniq_menkaure
D:8:      layout_loops_ring, chequers_mini_garden
D:9:      layout_cave_pools, minmay_strange_pillars
D:10:     minmay_the_grid_triangle_9x9_recursive_2_mashed
          [minmay_the_grid_triangle_9x9_prize_schism,
          minmay_the_grid_triangle_9x9_corruption,
          minmay_the_grid_triangle_9x9_subtriangle,
          minmay_the_grid_triangle_9x9_flanged_cone], layout_small_grid,
          serial_shops, nicolae_shop_hallway_stairs, uniq_urug

Skill      XL: |  1  2  3  4  5  6  7  8  9 10 |
---------------+-------------------------------+-----
Fighting       | 4 5 6 8 9 10 | 10.2
Axes           | 4 5 6 8 9 10 | 10.2
Armour         | 3 4 5 6 7 9 |  9.8
Dodging        | 3 4 5 6 8 9 |  9.0

Action                     |  1- 3 |  4- 6 |  7- 9 | 10-12 || total
---------------------------+-------+-------+-------+-------++-------
  Melee: Hand axe          |    95 |   139 |   189 |    16 ||   439
         Headbutt          |    13 |    20 |    40 |     8 ||    81
         Punch             |       |     2 |     5 |       ||     7
         Demon whip        |       |       |    34 |       ||    34
         War axe           |       |       |       |    43 ||    43
 Invoke: Berserk           |     3 |     5 |     9 |     3 ||    20
 Armour: Animal skin       |     8 |     7 |       |       ||    15
         Ring mail         |       |    10 |       |       ||    10
         Scale mail        |       |    29 |    21 |       ||    50
         Chain mail        |       |       |    16 |       ||    16
         Ice dragon scales |       |       |    26 |    43 ||    69
  Dodge: Dodged            |    62 |    74 |   134 |    60 ||   330
